 Dungeon Crawl Stone Soup version 0.27-a0-385-g3208abaabc (webtiles) character file.

Game seed: 5969621330265941426

119 Inkie the Chopper (level 5, -3/47 HPs)
             Began as a Gnoll Chaos Knight on Feb 18, 2021.
             Was a Plaything of Xom.
             Slain by Sigmund the ice beast (6 damage)
             ... on level 2 of the Dungeon.
             The game lasted 00:01:36 (1912 turns).

Inkie the Chopper (Gnoll Chaos Knight)              Turns: 1912, Time: 00:01:37

Health: -3/47      AC:  5    Str: 11    XL:     5   Next: 3%
Magic:  6/6        EV: 12    Int: 13    God:    Xom [...*..]
Gold:   38         SH:  0    Dex: 11    Spells: 6/6 levels left

rFire    . . .     SeeInvis .   a - +0 hand axe (chaos)
rCold    . . .     Faith    .   (no shield)
rNeg     . . .     Spirit   .   b - +2 leather armour
rPois    .         Reflect  .   (no helmet)
rElec    .         Harm     .   (no cloak)
rCorr    .         Rampage  .   (no gloves)
Will     .....                  (no boots)
Stlth    +.........             (no amulet)
HPRegen  0.15/turn              (no ring)
MPRegen  0.10/turn              (no ring)

@: no status effects
A: distributed training, fangs 1, strong nose
a: Renounce Religion


You were on level 2 of the Dungeon.
You worshipped Xom.
You were a favourite toy of Xom.
You visited 1 branch of the dungeon, and saw 2 of its levels.

You collected 38 gold pieces.

Inventory:

Hand Weapons
 a - a +0 hand axe of chaos (weapon)
Armour
 b - a +2 leather armour (worn)
Scrolls
 d - a scroll of amnesia {unknown}
 f - a scroll of enchant weapon {unknown}
 g - 2 scrolls of enchant armour {unknown}
 h - a scroll of blinking {unknown}
Potions
 c - a potion of curing
 e - a potion of attraction {unknown}
 i - a potion of flight {unknown}
 j - a potion of lignification {unknown}


   Skills:
 + Level 6.6 Fighting
 + Level 1.3 Short Blades
 + Level 1.3 Long Blades
 + Level 6.6 Axes
 + Level 1.3 Maces & Flails
 + Level 1.3 Polearms
 + Level 1.3 Staves
 + Level 1.3 Slings
 + Level 1.3 Bows
 + Level 1.3 Crossbows
 + Level 1.3 Throwing
 + Level 4.7 Armour
 + Level 2.8 Dodging
 + Level 1.3 Stealth
 + Level 1.3 Shields
 + Level 1.3 Unarmed Combat
 + Level 1.3 Spellcasting
 + Level 1.0 Conjurations
 + Level 1.0 Hexes
 + Level 1.0 Summonings
 + Level 1.0 Necromancy
 + Level 1.0 Translocations
 + Level 1.0 Transmutations
 + Level 1.0 Fire Magic
 + Level 1.0 Ice Magic
 + Level 1.0 Air Magic
 + Level 1.0 Earth Magic
 + Level 1.0 Poison Magic
 + Level 1.4 Invocations
 + Level 1.3 Evocations


You had 6 spell levels left.
You didn't know any spells.
Your spell library was empty.

Dungeon Overview and Level Annotations

Branches:
Dungeon (2/15)

Altars:
Qazlal

Annotations:
D:2 Sigmund


Innate Abilities, Weirdness & Mutations

Your experience applies equally to all skills.
You have very sharp teeth.
Your uncanny sense of smell can sniff out nearby items.


Message History

Sigmund closely misses you. Sigmund bites you!
You hit Sigmund but do no damage. "Hum-dee-hum-dee-hum..."
Sigmund the wolf evaporates and reforms as an ice beast!
Sigmund hits you but does no damage.
You hit Sigmund but do no damage. Sigmund misses you.
You hit Sigmund.
You melt Sigmund.
Sigmund is lightly wounded.
Sigmund hits you. Sigmund freezes you!
You hit Sigmund.
You melt Sigmund.
Sigmund is heavily wounded.
Sigmund hits you but does no damage.
You barely miss Sigmund. Your bite misses Sigmund.
Sigmund is heavily wounded.
Sigmund misses you.
You hit Sigmund but do no damage.
Sigmund is heavily wounded.
Sigmund hits you but does no damage.
You hit Sigmund.
Sigmund seems to grow stronger.
Sigmund is severely wounded.
Sigmund barely misses you.
You barely miss Sigmund.
Sigmund is severely wounded.
Sigmund hits you. Sigmund freezes you!
You barely miss Sigmund.
Sigmund is severely wounded.
Sigmund hits you.
* * * LOW HITPOINT WARNING * * *
Sigmund freezes you!
* * * LOW HITPOINT WARNING * * *
A shower of butterflies erupts from you!
You hit Sigmund but do no damage.
Nothing appears to happen.
Sigmund is severely wounded.
Sigmund hits you but does no damage.
You barely miss Sigmund.
Sigmund is severely wounded.
You slash Sigmund!
Sigmund is poisoned.
Sigmund is almost dead.
Sigmund hits you.
You die...

#................ ..# #.....# #
#.#.###.#.#####.#...#.#.†...####
.#.#.# #..... ..................
.#.#.#####.#####.#...#.......####
............. ...................
...#.####..## #........##.##.####
.#.#.# #..####..............# #
.....# ##...........## ##. #.####
.#.#.###.....b..@...# #.##.....
...#..†....#.###.Y..#. ........
.. #####.........b.....# .######.
.. .........b........ #. .
..............#...##########. #
#.###.#.#...#................ #.
#.#.#...#.##..#####...... #
#.#.#...#.##..#####...... .. ..
#..........†.....


You could see Sigmund the ice beast (strong, very poisoned, ally target).

Vanquished Creatures
  Jessica (D:2)
  Terence (D:2)
  An adder (D:2)
  A gnoll (D:1)
  A dart slug (D:2)
  3 leopard geckos
  3 ball pythons (D:2)
  7 bats
  2 giant cockroaches
  4 goblins
  6 hobgoblins
  6 jackals (D:2)
  A frilled lizard (D:1)
  5 kobolds
  11 rats
53 creatures vanquished.

Notes
Turn   | Place    | Note
-------+----------+-------------------------------------------
     0 | D:1      | Inkie the Gnoll Chaos Knight began the quest for the Orb.
     0 | D:1      | Reached XP level 1. HP: 23/23 MP: 1/1
    53 | D:1      | XOM: silly message
    67 | D:1      | Reached XP level 2. HP: 12/29 MP: 2/2
   184 | D:1      | XOM: silly message
   324 | D:1      | XOM: silly message
   421 | D:1      | Reached XP level 3. HP: 23/33 MP: 3/3
   469 | D:1      | XOM: 2-stop teleportation journey
   652 | D:1      | XOM: divination: magic mapping
   963 | D:1      | XOM: divination: detect creatures
  1128 | D:2      | Reached skill level 1 in Invocations
  1237 | D:2      | XOM: 1-stop teleportation journey
  1422 | D:2      | Found a stormy altar of Qazlal.
  1441 | D:2      | Reached skill level 1 in Short Blades
  1441 | D:2      | Reached skill level 1 in Long Blades
  1441 | D:2      | Reached skill level 1 in Maces & Flails
  1441 | D:2      | Reached skill level 1 in Polearms
  1441 | D:2      | Reached skill level 1 in Staves
  1441 | D:2      | Reached skill level 1 in Slings
  1441 | D:2      | Reached skill level 1 in Bows
  1441 | D:2      | Reached skill level 1 in Crossbows
  1441 | D:2      | Reached skill level 1 in Throwing
  1441 | D:2      | Reached skill level 1 in Stealth
  1441 | D:2      | Reached skill level 1 in Shields
  1441 | D:2      | Reached skill level 1 in Unarmed Combat
  1441 | D:2      | Reached skill level 1 in Spellcasting
  1441 | D:2      | Reached skill level 1 in Evocations
  1455 | D:2      | Reached XP level 4. HP: 41/41 MP: 5/5
  1579 | D:2      | Noticed Terence
  1582 | D:2      | XOM: cast spell 'Monstrous Menagerie'
  1585 | D:2      | Killed Terence
  1655 | D:2      | Reached skill level 1 in Conjurations
  1655 | D:2      | Reached skill level 1 in Hexes
  1655 | D:2      | Reached skill level 1 in Summonings
  1655 | D:2      | Reached skill level 1 in Necromancy
  1655 | D:2      | Reached skill level 1 in Translocations
  1655 | D:2      | Reached skill level 1 in Transmutations
  1655 | D:2      | Reached skill level 1 in Fire Magic
  1655 | D:2      | Reached skill level 1 in Ice Magic
  1655 | D:2      | Reached skill level 1 in Air Magic
  1655 | D:2      | Reached skill level 1 in Earth Magic
  1655 | D:2      | Reached skill level 1 in Poison Magic
  1661 | D:2      | Noticed Jessica
  1662 | D:2      | XOM: divination: detect creatures
  1676 | D:2      | Killed Jessica
  1677 | D:2      | Reached XP level 5. HP: 47/47 MP: 6/6
  1792 | D:2      | XOM: cloud trail
  1802 | D:2      | Noticed Sigmund
  1802 | D:2      | XOM: enchant monster (good)
  1814 | D:2      | Noticed Sigmund
  1814 | D:2      | Sigmund changed into Sigmund the wolf
  1852 | D:2      | XOM: 1-stop teleportation journey
  1901 | D:2      | Noticed Sigmund
  1901 | D:2      | Sigmund the wolf changed into Sigmund the ice beast
  1901 | D:2      | XOM: polymorph Sigmund the wolf -> Sigmund the ice beast
  1909 | D:2      | HP: 2/47 [Sigmund the ice beast (12)]
  1909 | D:2      | XOM: butterfly on damage
  1912 | D:2      | Slain by Sigmund the ice beast

Illustrated notes

Levels and vault maps discovered:
D:1:      mainiacjoe_arrival_reflecting_pool, layout_loops_ring
D:2:      layout_basic, lemuel_doored_altar, st_stairs_10, uniq_terence,
          uniq_sigmund, uniq_jessica

Skill      XL: |  1  2  3  4 |
---------------+-------------+-----
Invocations    | 1 |  1.4
Short Blades   | 1 |  1.3
Long Blades    | 1 |  1.3
Maces & Flails | 1 |  1.3
Polearms       | 1 |  1.3
Staves         | 1 |  1.3
Slings         | 1 |  1.3
Bows           | 1 |  1.3
Crossbows      | 1 |  1.3
Throwing       | 1 |  1.3
Stealth        | 1 |  1.3
Shields        | 1 |  1.3
Unarmed Combat | 1 |  1.3
Spellcasting   | 1 |  1.3
Evocations     | 1 |  1.3
Conjurations   | 1 |  1.0
Hexes          | 1 |  1.0
Summonings     | 1 |  1.0
Necromancy     | 1 |  1.0
Translocations | 1 |  1.0
Transmutations | 1 |  1.0
Fire Magic     | 1 |  1.0
Ice Magic      | 1 |  1.0
Air Magic      | 1 |  1.0
Earth Magic    | 1 |  1.0
Poison Magic   | 1 |  1.0
Fighting       | |  6.6
Axes           | |  6.6
Armour         | |  4.7
Dodging        | |  2.8

Action                   |  1- 3 |  4- 6 || total
-------------------------+-------+-------++-------
Melee: Hand axe          |    97 |    40 ||   137
       Bite              |     5 |     1 ||     6
       Punch             |       |     1 ||     1
 Stab: Sleeping          |     1 |       ||     1
       Paralysed         |       |     1 ||     1
Armor: Leather armour    |    32 |     9 ||    41
Dodge: Dodged            |    73 |    17 ||    90

Table legend: (Time is in decaauts)
 A = Elapsed time spent in this place.
 B = Non-inter-level travel time spent in this place.
 C = Inter-level travel time spent in this place.
 D = Time resting spent in this place.
 E = Time spent auto-exploring this place.
 F = Levels seen in this place.
 G = Mean time per level.
                   A        B        C        D        E       F      G
               +--------+--------+--------+--------+--------+-----+--------+
         Total |   1908 |   1900 |      8 |      0 |   1611 |   2 |  954.0 |
       Dungeon |   1908 |   1900 |      8 |      0 |   1611 |   2 |  954.0 |
               +--------+--------+--------+--------+--------+-----+--------+

Top non-repeatable levels by time:
     D:1: 1122 daAuts
     D:2: 786 daAuts
